 Dungeon Crawl Stone Soup version 0.17-a0-1078-g243345b (webtiles) character file.

501 hornqvist the Shield-Bearer (level 7, -1/52 HPs)
             Began as a Formicid Fighter on May 19, 2015.
             Slain by an orc warrior
             ... wielding a +0 battleaxe
              (7 damage)
             ... on level 6 of the Dungeon.
             The game lasted 00:01:50 (2131 turns).

hornqvist the Shield-Bearer (Formicid Fighter)      Turns: 2131, Time: 00:01:50

Health: -1/52      AC:  8    Str: 22    XL:     7   Next: 40%
Magic:  7/7        EV:  8    Int:  8    God:
Gold:   58         SH: 10    Dex: 10    Spells: 0 memorised, 6 levels left

rFire  . . .     SeeInvis +     a - +0 war axe
rCold  . . .     Clarity  .     b - +0 scale mail
rNeg   . . .     SustAb   .     c - +0 shield
rPois  .         Gourm    .     (helmet unavailable)
rElec  .         Spirit   .     (no cloak)
rCorr  .         Warding  .     (no gloves)
rMut   .         Stasis   +     j - +0 pair of boots
MR     .....                    (no amulet)
Stlth  ..........               (no ring)
                                (no ring)

@: not resistant to hostile enchantments, extremely unstealthy
A: permanent stasis, dig shafts and tunnels, four strong arms, antennae 3
a: Dig, Shaft Self


You were on level 6 of the Dungeon.
You were not hungry.

You visited 1 branch of the dungeon, and saw 6 of its levels.

You collected 58 gold pieces.

Inventory:

Hand weapons
 a - a +0 war axe (weapon)
Armour
 b - a +0 scale mail (worn)
 c - a +0 shield (worn)
 j - a +0 pair of boots (worn)
Jewellery
 k - a cursed -4 ring of strength {unknown}
 m - a +3 ring of dexterity {unknown}
Magical devices
 o - a wand of confusion (24)
Scrolls
 h - a scroll of recharging {unknown}
 i - 3 scrolls of identify {unknown}
 l - a scroll of noise {unknown}
 n - a scroll of magic mapping {unknown}
 p - a scroll of immolation {unknown}
 r - a scroll of remove curse {unknown}
Potions
 d - a potion of berserk rage {unknown}
 f - a potion of agility {unknown}
 q - a potion of curing {unknown}
 s - a potion of brilliance {unknown}
Comestibles
 e - a bread ration
 g - 2 slices of pizza


   Skills:
 - Level 3.2 Fighting
 * Level 5.5 Axes
 + Level 5.2 Armour
 + Level 5.5 Shields


You had 6 spell levels left.
You didn't know any spells.

Dungeon Overview and Level Annotations

Branches:
Dungeon (7/15)
 Temple: D:4-7

Altars:

Annotations:
D:5 Pikel, Prince Ribbit


Innate Abilities, Weirdness & Mutations

You are under a permanent stasis effect.
You can dig through walls and to a lower floor.
Your four strong arms can wield two-handed weapons with a shield.
You have a pair of large antennae on your head (SInv).


Message History

You are too injured to fight recklessly!
You are too injured to fight recklessly!
You are too injured to fight recklessly!
You are too injured to fight recklessly!
A bat zombie comes into view.
You hit the orc warrior. You hit the bat zombie.
You block the bat zombie's attack.
The bat zombie hits you but does no damage.
You block the bat zombie's attack. You block the orc warrior's attack.
You closely miss the orc warrior. You hit the bat zombie.
You destroy the bat zombie!
You barely miss the orc. You closely miss the orc warrior.
The orc warrior hits you with a battleaxe!
* * * LOW HITPOINT WARNING * * *
You block the orc's attack.
You take 9 damage, and have 6/52 hp.
You closely miss the orc.
You hit the orc warrior but do no damage.
The orc warrior hits you with a battleaxe!
You die...

## ##
#...####<#
#...o@#
#...###o#
# #l#
#o#####...
#.).o....$
#####.....
...


o You could see an orc warrior, an iguana and 2 orcs.

Vanquished Creatures
  The ghost of Raurakos the Ruffian, an average VSTm (D:4)
  Eustachio (D:5)
  A sky beast (D:5)
  A hound (D:5)
  A giant frog zombie (D:4)
  An iron imp (D:5)
  A worker ant (D:5)
  An adder (D:5)
  A shadow imp (D:5)
  An adder skeleton (D:4)
  An orc (D:6)
  A bat skeleton (D:4)
  A bat zombie (D:6)
  2 giant cockroaches
  A hobgoblin (D:4)
  2 quokkas (D:5)
  4 bats
  A giant newt (D:5)
  2 goblins (D:5)
  4 kobolds
  8 rats
37 creatures vanquished.

Notes
Turn   | Place    | Note
--------------------------------------------------------------
     0 | D:1      | hornqvist the Formicid Fighter began the quest for the Orb.
     0 | D:1      | Reached XP level 1. HP: 18/18 MP: 1/1
    19 | D:1      | You fall through a shaft!
    22 | D:2      | You fall through a shaft for 2 floors!
   285 | D:4      | Reached XP level 2. HP: 21/24 MP: 2/2
   779 | D:4      | Noticed Raurakos's ghost (average VSTm)
   788 | D:4      | Killed Raurakos's ghost
   788 | D:4      | Reached skill level 4 in Axes
   788 | D:4      | Reached XP level 3. HP: 18/29 MP: 3/3
   788 | D:4      | Reached XP level 4. HP: 21/35 MP: 4/4
   788 | D:4      | Reached XP level 5. HP: 24/41 MP: 5/5
   890 | D:4      | Noticed a giant frog zombie
  1157 | D:4      | Killed a giant frog zombie
  1157 | D:4      | Reached XP level 6. HP: 37/47 MP: 6/6
  1180 | D:5      | Entered Level 5 of the Dungeon
  1529 | D:5      | Noticed a sky beast
  1537 | D:5      | Killed a sky beast
  1537 | D:5      | Reached skill level 5 in Shields
  1596 | D:5      | Reached skill level 5 in Axes
  1596 | D:5      | Reached skill level 5 in Armour
  1650 | D:5      | Noticed Eustachio
  1683 | D:5      | Killed Eustachio
  1683 | D:5      | Reached XP level 7. HP: 22/52 MP: 7/7
  1879 | D:5      | Noticed Prince Ribbit
  1881 | D:5      | Noticed a slave
  1881 | D:5      | Noticed a slave
  1881 | D:5      | Noticed a slave
  1882 | D:5      | Noticed a slave
  1883 | D:5      | Noticed Pikel
  1911 | D:5      | You fall through a shaft for 2 floors!
  2131 | D:6      | Slain by an orc warrior

Vault maps used:
D:1:      saegor_arrival_simple_a
D:2:      nicolae_gozag_cash_rules_everything_around_me, first_bread
D:5:      uniq_eustachio, uniq_prince_ribbit1, uniq_pikel
D:6:      nicolae_ru_the_path_less_chosen, nicolae_qazlal_eye_of_the_storm
D:7:      minmay_temple_entry_poolview, serial_shops, shop, shop, shop,
          nicolae_shop_waterfront, minmay_three_doors

Action                   |  1- 3 |  4- 6 |  7- 9 || total
-------------------------+-------+-------+-------++-------
Melee: War axe           |    50 |   105 |    23 ||   178
 Abil: Shaft Self        |     2 |       |     1 ||     3
  Use: Potion            |     1 |       |       ||     1
  Eat: Chunk             |       |     3 |     2 ||     5
